 Dungeon Crawl Stone Soup version 0.29.1-13-g9f3cf754e1 (webtiles) character file.

Game seed: 8296258401337048461

3572 Vulpanium the Cleaver (level 10, -5/59 HPs)
             Began as a Tengu Monk on Jan 22, 2023.
             Was an Elder of Cheibriados.
             Slain by a wolf (8 damage)
             ... led by Grum
             ... on level 8 of the Dungeon.
             The game lasted 00:30:27 (8612 turns).

Vulpanium the Cleaver (Tengu Monk)                  Turns: 8612, Time: 00:30:27

Health: -5/59      AC: 10    Str: 27    XL:     10   Next: 9%
Magic:  8/12       EV: 18    Int: 20    God:    Cheibriados [****..]
Gold:   302        SH: 14    Dex: 26    Spells: 9/9 levels left

rFire   . . .      SeeInvis .   a - +0 hand axe (vamp)
rCold   + . .      Faith    .   D - +2 kite shield {rC+}
rNeg    . . .      Spirit   .   Q - +0 steam dragon scales
rPois   .          Reflect  .   (helmet restricted)
rElec   .          Harm     .   I - scarf {repulsion}
rCorr   .          Rampage  .   (no gloves)
Will    .....                   (boots unavailable)
Stlth   +++.......              (no amulet)
HPRegen 0.19/turn               l - +4 ring of protection
MPRegen 0.13/turn               (no ring)

@: about to teleport, flying quickly and evasively, repel missiles, very slow
A: beak, talons 3, nimble flight
a: Renounce Religion, Bend Time, Temporal Distortion, Slouch


You were on level 8 of the Dungeon.
You worshipped Cheibriados.
Cheibriados was greatly pleased with you.
You visited 1 branch of the dungeon, and saw 8 of its levels.

You collected 425 gold pieces.
You spent 123 gold pieces at shops.

Inventory:

Hand Weapons
 a - a +0 vampiric hand axe (weapon)
 i - a +0 dagger
 n - a +0 dagger of electrocution
 C - the +6 long sword "Arainkosk" {vorpal, rC+}
   (You took it off an orc on level 5 of the Dungeon)

   It inflicts extra damage upon your enemies.
   rC:        It protects you from cold.
 N - a +0 spectral quarterstaff
 O - a +1 sling of flaming
Missiles
 g - 10 poisoned darts (quivered)
 K - 4 javelins
 R - 3 throwing nets
Armour
 b - a +0 robe
 d - a +1 ring mail of cold resistance
 e - a +0 helmet
 m - a +0 leather armour
 p - a +0 scale mail
 s - a +2 robe of willpower
 D - a +2 kite shield of cold resistance (worn)
 I - a scarf of repulsion (worn)
 Q - +0 steam dragon scales (worn)
Magical Staves
 h - a staff of conjuration
Jewellery
 l - a +4 ring of protection (left hand)
Wands
 k - a wand of polymorph (9)
 r - a wand of light (12)
 G - a wand of flame (22)
Scrolls
 o - 3 scrolls of poison {unknown}
 q - a scroll of fog
 u - a scroll of fear {unknown}
 v - 3 scrolls of enchant weapon
 w - a scroll of torment {unknown}
 x - a scroll of immolation {unknown}
 y - a scroll of blinking {unknown}
 B - a scroll of brand weapon
 F - 2 scrolls of vulnerability {unknown}
 H - 2 scrolls of teleportation
 L - a scroll of amnesia {unknown}
Potions
 c - a potion of ambrosia
 f - 3 potions of brilliance {unknown}
 j - a potion of magic {unknown}
 t - 3 potions of might {unknown}
 z - a potion of cancellation {unknown}
 A - 2 potions of curing {unknown}
 E - a potion of berserk rage {unknown}
 J - a potion of degeneration {unknown}
 M - a potion of heal wounds


   Skills:
 + Level 5.4 Fighting
 + Level 3.4 Long Blades
 + Level 9.2 Axes
 * Level 8.1 Armour
 + Level 5.7 Dodging
 - Level 2.0 Stealth
 * Level 4.6 Shields
 * Level 2.2 Invocations


You had 9 spell levels left.
You didn't know any spells.
Your spell library contained the following spells:

 Spells                   Type           Power      Damage    Failure   Level
 Stone Arrow              Conj/Erth      0%         3d7       86%         3
 Animate Armour           Summ/Erth      0%         N/A       99%         4
 Lehudib's Crystal Spear  Conj/Erth      0%         10d2      100%        8


Dungeon Overview and Level Annotations

Branches:
Dungeon (8/15)             Temple (0/1) D:7
   Lair: D:8-11

Altars:
Cheibriados
Trog
Yredelemnul

Shops:
D:5 ?   D:6 :

Annotations:
D:4 Eustachio
D:8 Grum


Innate Abilities, Weirdness & Mutations

You have a beak for a mouth.
You have claws for feet.
Your magical nature lets you fly swiftly and evasively.


Message History

Press: ? - help, Dir - look around, f - activate You fail to use your ability.
The warg bites you! The warg closely misses you.
The two-headed ogre closely misses you. The two-headed ogre barely misses you.
The white imp misses you. You block the warg's attack.
Okay, then.
As you read the scroll of teleportation, it crumbles to dust.
You feel strangely unstable. You block the warg's attack. x2
You block the white imp's attack. The orc hits you with a +0 hand axe.
You block the warg's attack. The warg barely misses you.
You barely miss the warg. Your kick misses the warg.
The warg is heavily wounded.
You hit the two-headed ogre but do no damage.
You slash the warg! You hit the wolf but do no damage.
You hit the white imp but do no damage. You slash the orc!
You feel better.
You hit the warg but do no damage. You block the wolf's attack.
The warg barely misses you. You block the two-headed ogre's attack.
The two-headed ogre completely misses you.
The warg bites you. The wolf misses you.
Grum the Hunter comes into view.
He is wielding a +0 spear of venom and carrying a wand of roots (10).
The white imp hits you but does no damage.
The orc hits you but does no damage. You block the warg's attack.
The warg closely misses you.
You hit the warg but do no damage. You claw the warg.
The warg is heavily wounded.
You hit the wolf.
You feel better.
You hit the white imp. You slash the orc!
You feel better.
You kill the orc!
Cheibriados appreciates the change of pace.
You hit the warg.
You hit the two-headed ogre but do no damage.
You hit the warg.
You feel better. You block the wolf's attack. The warg misses you.
You block the warg's attack. The two-headed ogre misses you.
The two-headed ogre hits you with a +0 giant club!!
* * * LOW HITPOINT WARNING * * *
The white imp gestures at you. The puff of frost misses you.
The puff of frost misses the warg.
The puff of frost hits the steam dragon.
The wolf bites you!
You die... .###..##.....# <.../#......# #...#..g...# #...#....... .......# #...# #JDo# #Ohh#

#h@h# . #h5.# .#
#...# ..#.
.####...#####....
.................
.................
.................
.##.#...#<###...
#.......# #.


You could see a two-headed ogre, Grum, 3 wargs, a steam dragon, 2 wolves, a
jelly, an orc wizard and a white imp.

Vanquished Creatures
  Joseph (D:7)
  Grinder (D:5)
  A shadow (D:7)
  A steam dragon (D:7)
  3 water moccasins
  A sky beast (D:7)
  A black bear (D:5)
  4 ice beasts
  4 ogres
  A centaur (D:7)
  A phantom (D:5)
  A kobold brigand (D:7)
  2 gnoll sergeants
  3 bullfrogs
  3 necrophages
  2 scorpions (D:7)
  A killer bee (D:7)
  2 howler monkeys (D:8)
  2 orc priests
  A jelly (D:7)
  3 hounds
  Ijyb (D:5)
  Jessica (D:3)
  2 iguanas
  3 orc wizards
  7 gnolls
  6 adders
  2 white imps
  3 ufetubi
  An adder zombie (D:3)
  A worm (D:5)
  4 dart slugs
  12 orcs
  6 bats
  9 endoplasms
  3 giant cockroaches
  5 goblins
  6 hobgoblins
  4 jackals (D:4)
  7 quokkas
  6 ball pythons
  A ball python zombie (D:3)
  6 frilled lizards
  A jackal skeleton (D:3)
  A jackal zombie (D:3)
  13 kobolds
  4 rats
154 creatures vanquished.

Vanquished Creatures (others)
  19 plants (D:4)
  2 withered plants (D:3)
21 creatures vanquished.

Grand Total: 175 creatures vanquished

Notes
Turn   | Place    | Note
-------+----------+-------------------------------------------
     0 | D:1      | Vulpanium the Tengu Monk began the quest for the Orb.
     0 | D:1      | Reached XP level 1. HP: 14/14 MP: 2/2
   348 | D:1      | Reached XP level 2. HP: 13/19 MP: 3/3
   475 | D:1      | Found a faded altar of an unknown god.
   523 | D:1      | Prayed at the altar of an unknown god.
   523 | D:1      | Became a worshipper of Cheibriados the Contemplative
   523 | D:1      | Reached * piety under Cheibriados
   523 | D:1      | Reached ** piety under Cheibriados
   792 | D:1      | Reached *** piety under Cheibriados
  1012 | D:1      | Reached skill level 1 in Armour
  1012 | D:1      | Reached XP level 3. HP: 23/23 MP: 4/4
  2389 | D:3      | Reached skill level 4 in Axes
  2632 | D:3      | Reached XP level 4. HP: 28/28 MP: 5/5
  2670 | D:3      | Noticed Jessica
  2676 | D:3      | Killed Jessica
  3277 | D:4      | Noticed Eustachio
  3361 | D:4      | Gained mutation: Your magical nature lets you fly swiftly
                  | and evasively. [Tengu growth]
  3361 | D:4      | Reached XP level 5. HP: 25/32 MP: 6/6
  3466 | D:4      | Reached **** piety under Cheibriados
  3670 | D:4      | Reached skill level 5 in Axes
  4071 | D:4      | You are sucked into a shaft and drop 1 floor!
  4071 | D:5      | Entered Level 5 of the Dungeon
  4072 | D:5      | Noticed Grinder
  4072 | D:5      | Noticed an ogre
  4093 | D:5      | Was placed under penance by Cheibriados
  4102 | D:5      | Killed an ogre
  4103 | D:5      | Reached XP level 6. HP: 16/38 MP: 7/7
  4120 | D:5      | Killed Grinder
  4121 | D:5      | Reached skill level 6 in Axes
  4121 | D:5      | Reached XP level 7. HP: 24/42 MP: 8/8
  4441 | D:5      | Was forgiven by Cheibriados
  4465 | D:5      | Noticed Ijyb
  4480 | D:5      | Killed Ijyb
  4483 | D:5      | Reached skill level 5 in Armour
  4571 | D:5      | Found Quneaxzo's Magic Scroll Emporium.
  4737 | D:5      | Identified the +6 long sword "Arainkosk" {vorpal, rC+}
  4864 | D:5      | Bought a scroll of brand weapon for 123 gold pieces
  4925 | D:5      | Reached skill level 7 in Axes
  4925 | D:5      | Reached XP level 8. HP: 48/48 MP: 9/9
  4950 | D:5      | Reached skill level 1 in Long Blades
  5231 | D:6      | Found Henues's Self-Improvement Boutique.
  5632 | D:6      | Reached skill level 8 in Axes
  5655 | D:6      | Found a basalt altar of Yredelemnul.
  6031 | D:6      | Reached skill level 5 in Dodging
  6031 | D:6      | Reached XP level 9. HP: 48/53 MP: 10/10
  6034 | D:6      | Reached skill level 5 in Fighting
  6034 | D:6      | Reached skill level 1 in Shields
  7452 | D:7      | Found a staircase to the Ecumenical Temple.
  7615 | D:7      | Reached ***** piety under Cheibriados
  7793 | D:7      | Reached skill level 1 in Invocations
  7809 | D:7      | Noticed Joseph
  7831 | D:7      | Killed Joseph
  7834 | D:7      | Reached skill level 9 in Axes
  7944 | D:7      | Reached XP level 10. HP: 51/59 MP: 3/12
  8214 | D:7      | Found a bloodstained altar of Trog.
  8608 | D:8      | Noticed a two-headed ogre
  8611 | D:8      | Noticed Grum
  8612 | D:8      | Slain by a wolf

Illustrated notes

Levels and vault maps discovered:
D:1:      dpeg_arrival_shelter, layout_basic,
          hellmonk_ecumenical_altar_leap_of_faith
D:2:      layout_basic
D:3:      layout_loops_ring, serial_undead, serial_undead_c, serial_undead_d,
          serial_undead_d, serial_undead_d, serial_undead_d, serial_undead_d,
          kennysheep_jessica_study
D:4:      layout_loops_corners, serial_bayou, serial_bayou_shore_a,
          serial_bayou_lake_a, serial_bayou_lagoon_b, serial_bayou_ford_a,
          serial_bayou_pond_e, grunt_decor_cap, uniq_eustachio, uniq_edmund
D:5:      layout_gridville, serial_shops, nicolae_shop_hallway_plus, uniq_ijyb,
          uniq_grinder
D:6:      layout_loops_cross, lemuel_round_altar, nicolae_shop_self_help
D:7:      kennysheep_spiral_hall, layout_basic, trog_hazing_becter,
          minmay_temple_entry_fiery, nicolae_titane, uniq_joseph
D:8:      layout_loops_cross, nicolae_overflow_hallway_of_the_gods,
          erik_lair_orcish_takeover, uniq_grum, uniq_erica

Skill      XL: |  1  2  3  4  5  6  7  8  9 10 |
---------------+-------------------------------+-----
Armour         | 1 2 3 4 5 6 7 8 |  8.1
Axes           | 4 5 6 7 8 9 |  9.2
Dodging        | 4 5 |  5.7
Fighting       | 4 5 |  5.4
Long Blades    | 2 3 |  3.4
Shields        | 4 |  4.6
Invocations    | 2 |  2.2
Stealth        | |  2.0

Action                   |  1- 3 |  4- 6 |  7- 9 | 10-12 || total
-------------------------+-------+-------+-------+-------++-------
Melee: Hand axe          |    83 |    76 |   245 |    53 ||   457
       Kick              |    24 |    31 |   101 |    29 ||   185
       Peck              |    10 |    16 |    64 |    10 ||   100
       Punch             |     2 |     2 |     3 |       ||     7
       Long sword        |       |       |    24 |       ||    24
Invok: Bend Time         |     1 |       |     5 |       ||     6
       Step From Time    |       |       |     1 |       ||     1
       Temporal Distorti |       |       |       |     1 ||     1
  Use: Scroll            |     3 |     1 |     1 |     2 ||     7
       Potion            |       |     2 |     3 |       ||     5
 Stab: Sleeping          |     2 |     1 |     7 |     1 ||    11
Armor: Robe              |    13 |     1 |       |       ||    14
       Leather armour    |     5 |       |       |       ||     5
       Ring mail         |       |    22 |    70 |       ||    92
       Scale mail        |       |     1 |       |       ||     1
       Steam dragon scal |       |       |       |     9 ||     9
Dodge: Dodged            |    62 |    75 |   184 |    52 ||   373
       Repelled          |       |       |       |     1 ||     1
Block: Kite shield       |       |       |    85 |    46 ||   131
